 Dungeon Crawl Stone Soup version 0.27-a0-773-gaaee5cf45b (webtiles) character file.

Game seed: 14070732322271930816

79 leviel the Shield-Bearer (level 4, -7/40 HPs)
             Began as a Minotaur Fighter on Mar 26, 2021.
             Killed from afar by LuckyCharm's ghost (9 damage)
             ... with a zap
             ... on level 3 of the Dungeon.
             The game lasted 00:02:30 (1983 turns).

leviel the Shield-Bearer (Minotaur Fighter)         Turns: 1983, Time: 00:02:31

Health: -7/40      AC:  8    Str: 21    XL:     4   Next: 16%
Magic:  3/3        EV:  7    Int:  5    God:
Gold:   114        SH:  9    Dex: 10    Spells: 3/3 levels left

rFire    . . .     SeeInvis .   a - +0 long sword
rCold    . . .     Faith    .   c - +0 kite shield
rNeg     . . .     Spirit   .   b - +0 scale mail
rPois    .         Reflect  .   (helmet restricted)
rElec    .         Harm     .   (no cloak)
rCorr    .         Rampage  .   (no gloves)
Will     .....                  n - +0 pair of boots
Stlth    ..........             (no amulet)
HPRegen  0.13/turn              (no ring)
MPRegen  0.08/turn              (no ring)

@: lethally poisoned (-7 -> -11)
A: horns 2, retaliatory headbutt
a: no special abilities


You were on level 3 of the Dungeon.
You visited 1 branch of the dungeon, and saw 3 of its levels.

You collected 114 gold pieces.

Inventory:

Hand Weapons
 a - a +0 long sword (weapon)
Missiles
 g - 27 poisoned darts (quivered)
Armour
 b - a +0 scale mail (worn)
 c - a +0 kite shield (worn)
 n - a +0 pair of boots (worn)
Jewellery
 o - a ring of poison resistance
Scrolls
 h - a scroll of summoning {unknown}
 i - a scroll of enchant weapon {unknown}
 j - 3 scrolls of fog {unknown}
 k - a scroll of amnesia {unknown}
 m - 2 scrolls of identify {unknown}
 p - a scroll of vulnerability {unknown}
 q - a scroll of magic mapping {unknown}
 s - a scroll of fear {unknown}
Potions
 d - a potion of might
 e - 2 potions of curing {unknown}
 f - a potion of magic {unknown}
 l - a potion of flight {unknown}
 r - a potion of ambrosia {unknown}


   Skills:
 + Level 4.2 Fighting
 + Level 3.4 Long Blades
 + Level 4.2 Armour
 + Level 0.2 Dodging
 + Level 4.5 Shields


You had 3 spell levels left.
You didn't know any spells.
Your spell library was empty.

Dungeon Overview and Level Annotations

Branches:
Dungeon (3/15)

Altars:
Trog

Shops:
D:2 :

Annotations:
D:3 LuckyCharm's ghost, amateur DjWn


Innate Abilities, Weirdness & Mutations

You have a pair of horns on your head.
You reflexively headbutt those who attack you in melee.


Message History

There is a stone staircase leading up here.
You see here a staff of earth.
r - a lumpy blue potion
Found a dagger.
You see here a +0 dagger.
Found a runed translucent gate.
The kobold shouts!
You hear a shout! x4
You hear a shout! x2
Found 31 arrows.
LuckyCharm's ghost turns its malevolent gaze towards you.
You hear a shout!
The kobold shouts! x2
The kobold hits the fungus with a +0 club.
The fungus begins to die.
s - a scroll labelled YSKIDI MEINISA The kobold hits the fungus with a +0 club.
Okay, then.
A nearby plant withers and dies.
The kobold hits the fungus with a +0 short sword.
Found 17 gold pieces.
The kobold shouts!
The kobold hits the fungus with a +0 whip of distortion.
Space warps horribly around the fungus!
Found 24 sling bullets.
You open the gate.
The kobold throws a stone.
You block the stone.
The kobold hits the fungus with a +0 whip of distortion.
A nearby fungus withers and dies.
The kobold zaps a wand.
Your mind is blasted!
The kobold throws a poisoned dart.
The poisoned dart hits you!
You are poisoned.
You feel extremely sick.
The kobold throws a poisoned dart.
The poisoned dart hits you!
You are more poisoned.
LuckyCharm's ghost casts a spell at you.
The zap misses you. The zap hits you.
* * * LOW HITPOINT WARNING * * *
* * * LOW HITPOINT WARNING * * *
You feel extremely sick.
LuckyCharm's ghost casts a spell at you.
The zap hits you!
You die...

##............
#............
##..#...[....
##......##.#.>
#####..####.##....
#.)...## #.##....
#.##### ........
##.# ##....##
###.@###### .....
#.....##..#####.<...
#........##≈⌠P##
#....W##K#.....#
#....K...K.###..
#.##.##KK'.....(
.......##.K.###.$
....(... #.#K...
........ #.##≈⌠P#


You could see LuckyCharm's ghost and 4 kobolds.

Vanquished Creatures
  A hound skeleton (D:3)
  An adder (D:2)
  2 dart slugs
  8 ball pythons
  10 endoplasms
  A giant cockroach (D:1)
  3 goblins
  A hobgoblin (D:1)
  6 jackals
  4 quokkas (D:1)
  3 bats
  4 frilled lizards
  A kobold (D:1)
  3 rats
48 creatures vanquished.

Vanquished Creatures (others)
  A fungus (D:3)
  A plant (D:3)
2 creatures vanquished.

Grand Total: 50 creatures vanquished

Notes
Turn   | Place    | Note
-------+----------+-------------------------------------------
     0 | D:1      | leviel the Minotaur Fighter began the quest for the Orb.
     0 | D:1      | Reached XP level 1. HP: 19/19 MP: 0/0
   107 | D:1      | Reached XP level 2. HP: 27/27 MP: 1/1
   537 | D:1      | Reached XP level 3. HP: 33/33 MP: 2/2
  1466 | D:2      | Found a bloodstained altar of Trog.
  1622 | D:2      | Found Miufexao's Book Emporium.
  1835 | D:3      | Reached XP level 4. HP: 39/40 MP: 3/3
  1969 | D:3      | Found a runed translucent gate.
  1972 | D:3      | Noticed LuckyCharm's ghost (amateur DjWn)
  1973 | D:3      | Found a runed translucent gate.
  1973 | D:3      | Found a runed translucent gate.
  1974 | D:3      | Identified the +5 rapier "Purumm" {chaos, Int+4 Dex+5}
  1974 | D:3      | Noticed a kobold brigand
  1983 | D:3      | HP: 2/40 [poisoned by a kobold]
  1983 | D:3      | Killed from afar by LuckyCharm's ghost

Illustrated notes

Levels and vault maps discovered:
D:1:      dpeg_arrival_tiny_c, layout_loops_ring, minmay_small_reverse_x
D:2:      layout_basic, overflow_temple_1_default, general_overflow_altar,
          chequers_ecumenical_altar_lobes, serial_shops, shop
D:3:      layout_rooms, nicolae_overflow_crystal_walls,
          gammafunk_ghost_nasty_kobolds

Skill      XL: |  1  2 |
---------------+-------+-----
Fighting       | 4 |  4.2
Shields        | 4 |  4.5
Armour         | 4 |  4.2
Long Blades    | 3 |  3.4
Dodging        | |  0.2

Action                   |  1- 3 |  4- 6 || total
-------------------------+-------+-------++-------
Melee: Long sword        |   104 |     4 ||   108
       Headbutt          |    11 |     1 ||    12
Armor: Scale mail        |    43 |     2 ||    45
Dodge: Dodged            |    46 |     3 ||    49
Block: Kite shield       |    59 |     2 ||    61
       Rpst.: Long sword |    13 |     1 ||    14

Table legend: (Time is in decaauts)
 A = Elapsed time spent in this place.
 B = Non-inter-level travel time spent in this place.
 C = Inter-level travel time spent in this place.
 D = Time resting spent in this place.
 E = Time spent auto-exploring this place.
 F = Levels seen in this place.
 G = Mean time per level.
                   A        B        C        D        E       F      G
               +--------+--------+--------+--------+--------+-----+--------+
         Total |   2032 |   1901 |    131 |      0 |   1585 |   3 |  677.3 |
       Dungeon |   2032 |   1901 |    131 |      0 |   1585 |   3 |  677.3 |
               +--------+--------+--------+--------+--------+-----+--------+

Top non-repeatable levels by time:
     D:1: 1022 daAuts
     D:2: 829 daAuts
     D:3: 179 daAuts
